 Dungeon Crawl Stone Soup version 0.30.1-11-g7821555f0a (webtiles) character file.

Game seed: 15470894798934105290

3532 cowcol the Cleaver (level 9, 0/123 HPs)
             Began as a Minotaur Fighter on Oct 12, 2023.
             Slain by a human
             ... wielding a +0 war axe
              (4 damage)
             ... in a bailey on Oct 28, 2023.
             The game lasted 00:22:27 (6364 turns).

cowcol the Cleaver (Minotaur Fighter)               Turns: 6364, Time: 00:22:28

Health: 0/123      AC: 24    Str: 21    XL:     9   Next: 82%
Magic:  0/8        EV:  2    Int:  7    God:
Gold:   389        SH:  4    Dex: 12    Spells: 8/8 levels left

rFire   . . .        a - +0 war axe
rCold   . . .        c - +0 buckler
rNeg    . . .        b - melded +0 scale mail
rPois   +            (helmet unavailable)
rElec   .            t - melded scarf {repulsion}
rCorr   .            (gloves currently unavailable)
SInv    .            (boots currently unavailable)
Will    .....        j - amulet of guardian spirit
Stlth   +            (no ring)
HPRegen 0.40/turn    (no ring)
MPRegen 0.11/turn

%: guardian spirit
@: tree-form, hasted, invisible, very quick
A: stationary, stasis, torment immunity, boosted hp, (horns 3), (retaliatory
headbutt), (hooves 1)
a: no special abilities


You were in a bailey.
You were a tree.
You visited 1 branch of the dungeon, and saw 7 of its levels.
You also visited: Bailey.

You collected 389 gold pieces.

Inventory:

Hand Weapons
 a - a +0 war axe (weapon)
Missiles
 h - 5 poisoned darts (quivered)
Armour
 b - a +0 scale mail (melded)
 c - a +0 buckler (worn)
 l - a +0 chain mail
 t - a scarf of repulsion (melded)
Jewellery
 j - an amulet of guardian spirit (around neck)
 o - an amulet of faith
 x - a +6 ring of intelligence
Wands
 r - a wand of polymorph (10)
 C - a wand of charming (6)
Scrolls
 g - a scroll of enchant weapon
 i - 2 scrolls of vulnerability
 n - 2 scrolls of fear
 p - 2 scrolls of teleportation
 v - a scroll of brand weapon
 w - a scroll of poison {unknown}
 y - a scroll of amnesia {unknown}
 D - a scroll of magic mapping {unknown}
 E - a scroll of immolation {unknown}
Potions
 d - 2 potions of ambrosia {unknown}
 f - a potion of flight
 k - 2 potions of lignification
 m - 2 potions of brilliance {unknown}
 s - 2 potions of attraction {unknown}
 z - a potion of magic {unknown}
 A - a potion of haste
 B - 2 potions of curing {unknown}


   Skills:
 + Level 8.9 Fighting
 + Level 12.2 Axes
 - Level 1.5 Throwing
 + Level 9.1 Armour
 - Level 3.6 Shields


You had 8 spell levels left.
You didn't know any spells.
Your spell library contained the following spells:

 Spells                   Type           Power      Damage    Failure   Level
 Static Discharge         Conj/Air       0%         2-2/arc   65%         2
 Airstrike                Air            0%         2d(0-16)  99%         4
 Petrify                  Tmut/Erth      0%         N/A       99%         4
 Summon Lightning Spire   Summ/Air       0%         N/A       99%         4
 Metabolic Englaciation   Hex/Ice        0%         N/A       100%        5
 Statue Form              Tmut/Erth      0%         N/A       100%        6


Dungeon Overview and Level Annotations

Branches:
Dungeon (7/15)             Bailey (1/1)
 Temple: D:4-7

Altars:
Fedhas
Trog

Shops:
D:6 *

Annotations:
D:6 3 runed translucent doors, exclusion: oklob plant, lonewolfV2's ghost, novice DsFi Bailey Prince Ribbit


Innate Abilities, Weirdness & Mutations

You are a tree.
Your roots penetrate the ground, keeping you stationary.
You cannot be teleported.
You are immune to unholy pain and torment.
Your maximum health is greatly increased.
Your equipment is partially melded.
((You have a pair of large horns on your head.))
((You reflexively headbutt those who attack you in melee.))
((You have large cloven feet.))


Message History

Prince Ribbit hits you but does no damage.
The vault guard hits you with a +0 broad axe.
* * * LOW HITPOINT WARNING * * *
You barely miss the vault guard.
The vault guard is lightly wounded.
You strike the helpless Prince Ribbit from behind!
You hit Prince Ribbit.
Prince Ribbit hits you but does no damage.
The vault guard hits you but does no damage.
It was a potion of flight.
Your roots keep you in place.
Prince Ribbit hits you but does no damage.
You cannot move.
You cannot move.
You cannot move.
You cannot move.
You hit the vault guard.
The vault guard is lightly wounded.
You completely miss Prince Ribbit.
Prince Ribbit blinks!
The vault guard hits you with a +0 broad axe.
* * * LOW HITPOINT WARNING * * *
Unknown command.
You hit the vault guard.
The vault guard is moderately wounded.
You hit the human but do no damage. The human hits you but does no damage.
The vault guard hits you but does no damage.
It was a potion of haste.
You feel yourself speed up. The human completely misses you.
The vault guard hits you with a +0 broad axe!
* * * LOW HITPOINT WARNING * * *
Prince Ribbit blinks!
You hit the vault guard but do no damage.
The vault guard is moderately wounded.
You closely miss the human. You block the human's attack.
The vault guard hits you with a +0 broad axe.
* * * LOW HITPOINT WARNING * * *
Unknown command.
You slash the human!
The human is almost dead.
You hit the vault guard. The human hits you with a +0 war axe.
You die...

##....#≈F####≈≈~
##..p.p#~~≈≈≈≈~~.
#...#..)..~~~~...
#...#..#.........
#..##..#≈≈≈~~.~..
#...#######≈~~...
#####F...F..##≈~~~~~
##...##).....#≈~~~~~~
#..∩♣p)).§.#+##≈≈~~~~
#...p.###### ###≈≈≈≈
#..∩..'~~~# #####
##...##~~~~# #####
~~~~+ ~~~# ~~## ##


You could see a vault guard, Prince Ribbit (unable to see you) and a human
(unable to see you).

Vanquished Creatures
  Grinder (D:6)
  Sigmund (D:2)
  5 humans (Bailey)
  A water moccasin (D:5)
  3 ice beasts
  2 black bears
  A sky beast (D:6)
  An ogre (D:5)
  2 centaurs (D:6)
  4 phantoms
  A kobold brigand (D:6)
  7 bullfrogs (Bailey)
  3 scorpions
  2 orc priests
  3 hounds
  2 jellies
  An orc wizard (D:6)
  4 iguanas
  10 gnolls
  8 adders
  An ufetubus (D:5)
  5 worms
  3 dart slugs (D:3)
  12 orcs
  5 bats
  5 endoplasms
  A giant cockroach (D:1)
  18 goblins
  7 hobgoblins
  4 jackals (D:2)
  13 kobolds
  4 quokkas
  3 ball pythons
  3 frilled lizards
  6 rats
152 creatures vanquished.

Notes
Turn   | Place    | Note
-------+----------+-------------------------------------------
     0 | D:1      | cowcol the Minotaur Fighter began the quest for the Orb.
     0 | D:1      | Reached XP level 1. HP: 19/19 MP: 0/0
   204 | D:1      | Reached XP level 2. HP: 27/27 MP: 1/1
   940 | D:2      | Reached skill level 3 in Axes
   946 | D:2      | Reached XP level 3. HP: 30/33 MP: 2/2
  1256 | D:2      | Noticed Sigmund
  1266 | D:2      | Killed Sigmund
  1267 | D:2      | Reached skill level 5 in Fighting
  1267 | D:2      | Reached skill level 4 in Axes
  1267 | D:2      | Reached skill level 5 in Armour
  1267 | D:2      | Reached XP level 4. HP: 16/42 MP: 3/3
  1267 | D:2      | Reached XP level 5. HP: 19/48 MP: 4/4
  1450 | D:3      | Reached skill level 5 in Axes
  2572 | D:3      | Reached XP level 6. HP: 56/56 MP: 5/5
  3141 | D:4      | Reached skill level 6 in Axes
  3459 | D:4      | Gained mutation: Your body sometimes deteriorates upon
                  | taking damage. [potion of mutation]
  3459 | D:4      | Gained mutation: You expend magic power (3 MP) to
                  | strengthen your wands. [potion of mutation]
  3460 | D:4      | Lost mutation: You expend magic power (3 MP) to strengthen
                  | your wands. [potion of mutation]
  3460 | D:4      | Lost mutation: Your body sometimes deteriorates upon taking
                  | damage. [potion of mutation]
  3460 | D:4      | Gained mutation: You have large cloven feet. [potion of
                  | mutation]
  3460 | D:4      | Gained mutation: You have a pair of large horns on your
                  | head. [potion of mutation]
  3862 | D:5      | Entered Level 5 of the Dungeon
  3902 | D:5      | Reached XP level 7. HP: 52/61 MP: 6/6
  3948 | D:5      | Upgraded the game from 0.30.1-9-gdf580d7c3d to
                  | 0.30.1-11-g7821555f0a
  4073 | D:5      | Reached skill level 1 in Throwing
  4076 | D:5      | Reached skill level 7 in Axes
  4363 | D:5      | Reached skill level 8 in Axes
  4367 | D:5      | Reached XP level 8. HP: 60/70 MP: 5/7
  4834 | D:6      | Found a runed translucent gate.
  4834 | D:6      | Found a runed translucent gate.
  4834 | D:6      | Found a runed translucent gate.
  4869 | D:5      | Reached skill level 9 in Axes
  4992 | D:6      | Noticed lonewolfV2's ghost (novice DsFi)
  5040 | D:6      | Found Upheel's Elemental Accessories.
  5256 | D:6      | Noticed Grinder
  5269 | D:6      | Killed Grinder
  5270 | D:6      | Reached skill level 10 in Axes
  5405 | D:6      | Found a blossoming altar of Fedhas.
  5433 | D:6      | Noticed an oklob plant
  5492 | D:6      | Reached XP level 9. HP: 79/79 MP: 8/8
  5492 | D:6      | Found a bloodstained altar of Trog.
  5926 | D:7      | Found a flagged portal.
  5969 | Bailey   | Entered a bailey
  5998 | Bailey   | Reached skill level 11 in Axes
  6264 | Bailey   | Reached skill level 12 in Axes
  6327 | Bailey   | Noticed a vault guard
  6330 | Bailey   | Noticed Prince Ribbit
  6362 | Bailey   | HP: 5/123 [vault guard/+0 broad axe (8)]
  6364 | Bailey   | Slain by a human

Illustrated notes

Levels and vault maps discovered:
D:1:      lightli_arrival_chessboard, layout_loops_corners, hex_large
D:2:      layout_rooms, uniq_sigmund
D:3:      layout_basic
D:4:      layout_loops_cross, corexii_item_surrounded_by_moat, sigmund_army
D:5:      layout_cave_pools, minivault_19
D:6:      layout_cave_pools, tgw_fedhas, gammafunk_ghost_split,
          nicolae_elemental_shop, minmay_ruined_shrine, uniq_grinder
D:7:      cheibrodos_two_vegetables, layout_basic, minmay_temple_entry_fiery,
          enter_bailey_5, minivault_27, serial_bayou_lagoon_a
Bailey:   bailey_axe_froggy_fort_hellmonk, bailey

Skill      XL: |  1  2  3  4  5  6  7  8  9 |
---------------+----------------------------+-----
Fighting       | 4 5 6 7 8 |  8.9
Armour         | 4 5 6 8 9 |  9.1
Axes           | 3 4 5 6 8 10 12 | 12.2
Throwing       | 1 |  1.5
Shields        | |  3.6

Action                     |  1- 3 |  4- 6 |  7- 9 || total
---------------------------+-------+-------+-------++-------
  Melee: War axe           |    59 |   100 |   324 ||   483
         Headbutt          |    10 |    15 |    93 ||   118
         Kick              |       |     4 |   126 ||   130
  Throw: Dart              |     4 |     6 |     1 ||    11
         Javelin           |       |       |    10 ||    10
    Use: Scroll            |     1 |     3 |     3 ||     7
         Potion            |     1 |     4 |     8 ||    13
   Stab: Invisible         |       |       |     2 ||     2
 Armour: Scale mail        |    24 |    33 |    92 ||   149
         Skin              |       |       |     7 ||     7
  Dodge: Dodged            |    30 |    42 |    97 ||   169
         Repelled          |       |       |     1 ||     1
  Block: Buckler           |    11 |    15 |    52 ||    78
